 Dungeon Crawl Stone Soup version 0.18-a0-1721-gc4d1f22 (webtiles) character file.

523 wvc the Cutter (level 7, -1/62 HPs)
             Began as a Naga Monk on Apr 9, 2016.
             Was a Believer of Cheibriados.
             Slain by a sky beast (5 damage)
             ... on level 4 of the Dungeon.
             The game lasted 00:07:32 (3559 turns).

wvc the Cutter (Naga Monk)                          Turns: 3559, Time: 00:07:33

Health: -1/62      AC:  4    Str: 18    XL:     7   Next: 22%
Magic:  7/7        EV: 10    Int: 17    God:    Cheibriados [**....]
Gold:   171        SH:  0    Dex: 19    Spells: 0 memorised, 6 levels left

rFire  . . .     SeeInvis +     a - +3 dagger (venom)
rCold  . . .     Gourm    .     m - +0 ring mail (curse)
rNeg   . . .     Faith    .     (no shield)
rPois  +         Spirit   .     (no helmet)
rElec  .         Dismiss  .     (no cloak)
rCorr  .         Reflect  .     (no gloves)
SustAt .         Harm     .     (no barding)
MR     .....                    (no amulet)
Stlth  ++........               (no ring)
                                (no ring)

@: short of breath, very slow, not resistant to hostile enchantments, unstealthy
A: see invisible, deformed body, poison resistance, slowness 2, slow metabolism
1, spit poison 2, AC +2
a: Spit Poison, Bend Time, Renounce Religion


You were on level 4 of the Dungeon.
You worshipped Cheibriados.
Cheibriados was pleased with you.
You were not hungry.

You visited 2 branches of the dungeon, and saw 6 of its levels.

You collected 171 gold pieces.

Inventory:

Hand Weapons
 a - a +3 dagger of venom (weapon)
Armour
 m - a cursed +0 ring mail (worn)
Wands
 n - a wand of confusion (0/48)
Scrolls
 l - 3 scrolls of remove curse
Potions
 e - a potion of flight
 f - 2 potions of magic {unknown}
 g - a potion of resistance {unknown}
 i - a potion of berserk rage {unknown}
 o - a potion of haste
Books
 j - a book of Enchantments

   Spells                             Type                      Level
   a - Cause Fear                     Hexes                        4
   b - Yara's Violent Unravelling     Hexes/Transmutation          5
   c - Silence                        Hexes/Air                    5
   d - Deflect Missiles               Charms/Air                   6
   e - Haste                          Charms                       6
   f - Discord                        Hexes                        8
Comestibles
 b - 3 bread rations
 d - a beef jerky
 k - a royal jelly
 q - 2 slices of pizza


   Skills:
 - Level 3.0 Fighting
 + Level 7.1 Short Blades
 - Level 2.4 Dodging
 - Level 3.0 Stealth
 - Level 4.3 Unarmed Combat


You had 6 spell levels left.
You didn't know any spells.

Dungeon Overview and Level Annotations

Branches:
Dungeon (5/15)             Temple (1/1) D:4

Altars:
Cheibriados
Dithmenos
Elyvilon
Fedhas
Gozag
Kikubaaqudgha
Makhleb
Okawaru
Pakellas
Qazlal
Ru
Sif Muna
Trog
Vehumet
Xom
Yredelemnul
Zin
The Shining One


Innate Abilities, Weirdness & Mutations

You cannot wear boots.
Your serpentine skin is tough (AC +2).
You have supernaturally acute eyesight.
Armour fits poorly on your strangely shaped body.
Your system is resistant to poisons.
You cover ground very slowly.
You have a slow metabolism.
You can spit poison.


Message History

The sky beast shocks you.
* * * LOW HITPOINT WARNING * * *
Press: ? - help, Shift-Dir - straight line, f - orc
Aim: an orc, wielding a club The splash of poison hits the orc.
The orc is poisoned.
You kill the orc!
Cheibriados appreciates the change of pace.
Cheibriados raises the support of your attributes as your movement slows.
You feel slightly more hungry.
The sky beast hits you but does no damage.
You closely miss the sky beast.
The sky beast is moderately wounded.
Drink which item? (? for menu, Esc to quit)
Okay, then.
You hit the sky beast but do no damage.
The sky beast is moderately wounded.
The sky beast hits you.
* * * LOW HITPOINT WARNING * * *
The sky beast shocks you.
You die...

#.##....##......# #.#
#.####..#.......###.####
#.####.................#
#.......#...####.##.##.##
######.###.## #.##.#...#
####.###.# #.##.....#
#........#####.####...#
#.##.#......)#.#####.##
#.##.#.....#@#.......#
#.##..>....#)Y.......#
#<####..#....################
####.####.......# #........
##..........#....# #.#######
.................# #.#
#..)).#.#.......## #.#
#....#.#.#..#...# #.#
#...#.#.#.#.#...#########.#
##


You could see a sky beast.

Vanquished Creatures
  A phantom (D:4)
  A giant frog (D:3)
  A scorpion (D:4)
  A hound (D:5)
  A giant frog skeleton (D:4)
  An iguana (D:4)
  Ijyb (D:2)
  A worker ant (D:4)
  A hound skeleton (D:4)
  6 adders
  4 worms
  A dart slug (D:2)
  4 giant geckos (D:3)
  7 orcs
  3 ball pythons
  7 giant cockroaches
  6 hobgoblins
  10 jackals
  9 kobolds
  A quokka (D:3)
  8 bats
  6 giant newts
  5 goblins
  14 rats
100 creatures vanquished.

Notes
Turn   | Place    | Note
--------------------------------------------------------------
     0 | D:1      | wvc the Naga Monk began the quest for the Orb.
     0 | D:1      | Reached XP level 1. HP: 21/21 MP: 1/1
   428 | D:1      | Reached XP level 2. HP: 28/28 MP: 2/2
   851 | D:1      | Reached skill level 1 in Short Blades
   996 | D:2      | Noticed Ijyb
  1015 | D:2      | Killed Ijyb
  1015 | D:2      | Reached skill level 2 in Short Blades
  1015 | D:2      | Reached XP level 3. HP: 19/34 MP: 3/3
  1056 | D:2      | Reached skill level 3 in Short Blades
  1056 | D:2      | Reached XP level 4. HP: 16/42 MP: 4/4
  1702 | D:2      | Found a bloodstained altar of Trog.
  2290 | D:3      | Found an oddly glowing altar of Pakellas.
  2317 | D:3      | Reached skill level 4 in Short Blades
  2364 | D:3      | Noticed a giant frog
  2365 | D:3      | Reached XP level 5. HP: 49/49 MP: 5/5
  2466 | D:3      | Reached skill level 5 in Short Blades
  2731 | D:4      | Reached XP level 6. HP: 52/56 MP: 6/6
  2774 | D:4      | Found a staircase to the Ecumenical Temple.
  2800 | Temple   | Entered the Ecumenical Temple
  2807 | Temple   | Became a worshipper of Cheibriados the Contemplative
  2807 | Temple   | Reached * piety under Cheibriados
  2807 | Temple   | Reached ** piety under Cheibriados
  2988 | D:4      | Found an ancient bone altar of Kikubaaqudgha.
  3126 | D:4      | Noticed a phantom
  3127 | D:4      | Reached skill level 6 in Short Blades
  3188 | D:4      | Killed a phantom
  3188 | D:4      | Reached XP level 7. HP: 49/62 MP: 7/7
  3523 | D:5      | Entered Level 5 of the Dungeon
  3549 | D:5      | Reached skill level 7 in Short Blades
  3559 | D:4      | Slain by a sky beast

Vault maps used:
D:1:      grunt_arrival_lava_bath, monster_avoids_cloud
D:2:      marbit_many_paths, feat_on_display, uniq_iyjb
D:3:      johnstein_pakellas_death_squad, gup_sewer_entry_spiral,
          hangedman_decor_lopped
D:4:      lemuel_crystal_altar, minmay_temple_entry_grid
D:5:      kennysheep_mini, first_bread, serial_shops,
          nicolae_shop_competitors_out_of_business, nemelex_lonely_heart_becter,
          uniq_prince_ribbit1
Temple:   nicolae_temple_no_exploring_needed

Skill      XL: |  1  2  3  4  5  6  7 |
---------------+----------------------+-----
Short Blades   | 2 3 4 5 6 7 |  7.1
Fighting       | |  3.0
Dodging        | |  2.4
Stealth        | |  3.0
Unarmed Combat | |  4.3

Action                   |  1- 3 |  4- 6 |  7- 9 || total
-------------------------+-------+-------+-------++-------
Melee: Unarmed           |    25 |       |       ||    25
       Dagger            |    78 |   200 |    46 ||   324
 Abil: Spit Poison       |     1 |     1 |     1 ||     3
  Use: Scroll            |     8 |     3 |       ||    11
       Potion            |       |     3 |       ||     3
 Stab: Sleeping          |     1 |    12 |     1 ||    14
  Eat: Fruit             |       |     3 |       ||     3
       Chunk             |       |     2 |     1 ||     3
       Beef jerky        |       |     1 |       ||     1
